 Dungeon Crawl Stone Soup version 0.31-a0-574-g69dc8cc98e (webtiles) character file.

Game seed: 12918655851860981133

356 thirtiethelement the Trooper (level 6, -2/49 HPs)
             Began as a Demonspawn Berserker on Aug 19, 2023.
             Was a Priest of Trog.
             Succumbed to a gnoll's poison
             ... on level 5 of the Dungeon.
             The game lasted 00:09:31 (3887 turns).

thirtiethelement the Trooper (Demonspawn Berserker) Turns: 3887, Time: 00:09:31

Health: -2/49      AC:  5    Str: 18    XL:     6   Next: 36%
Magic:  6/6        EV: 12    Int:  8    God:    Trog [***...]
Gold:   235        SH:  0    Dex: 14    Spells: 5/5 levels left

rFire   + . .        n - +0 war axe
rCold   . . .        (no shield)
rNeg    . . .        d - +0 leather armour
rPois   .            (helmet restricted)
rElec   .            (no cloak)
rCorr   .            (no gloves)
SInv    .            (no boots)
Will    +....        y - amulet of faith
Stlth   +            c - ring of willpower
HPRegen 0.28/turn    m - ring of protection from fire
MPRegen 0.10/turn

%: faith
@: mighty, lethally poisoned (-2 -> -26), weakened, attractive
A: horns 2, molten scales 1, demonic guardian 1, powered by pain 1
a: Renounce Religion, Berserk, Trog's Hand


You were on level 5 of the Dungeon.
You worshipped Trog.
Trog was most pleased with you.
You visited 1 branch of the dungeon, and saw 5 of its levels.

You collected 235 gold pieces.

Inventory:

Hand Weapons
 a - a +0 falchion
 n - a +0 war axe (weapon)
Armour
 b - a +0 animal skin
 d - a +0 leather armour (worn)
Magical Staves
 g - a staff of cold
 p - a staff of conjuration
Jewellery
 c - a ring of willpower (left hand)
 i - a ring of fire
 m - a ring of protection from fire (right hand)
 v - a ring of magical power
 y - an amulet of faith (around neck)
Talismans
 q - a blade talisman
Wands
 r - a wand of flame (13)
Scrolls
 e - a scroll of blinking
 f - 3 scrolls of teleportation
 o - 2 scrolls of fog
 t - a scroll of amnesia {unknown}
 u - a scroll of butterflies {unknown}
 w - a scroll of immolation {unknown}
 z - a scroll of fear {unknown}
Potions
 j - 2 potions of resistance
 s - a potion of enlightenment {unknown}
 x - a potion of magic {unknown}


   Skills:
 + Level 4.5 Fighting
 + Level 3.6 Long Blades
 + Level 3.0 Axes
 + Level 2.5 Armour
 + Level 2.6 Dodging
 + Level 0.7 Stealth


You had 5 spell levels left.
You didn't know any spells.
Your spell library contained the following spells:

 Spells                   Type           Power      Damage    Failure   Level
 Magic Dart               Conj           0%         1d3       45%         1
 Slow                     Hex            0%         N/A       45%         1
 Cigotuvi's Dreadful Rot  Necr/Pois/Air  0%         N/A       61%         2
 Ensorcelled Hibernation  Hex/Ice        0%         N/A       61%         2
 Passwall                 Tmut/Erth      0%         N/A       61%         2
 Searing Ray              Conj           0%         2d4       61%         2
 Confusing Touch          Hex            0%         N/A       83%         3
 Swiftness                Air            0%         N/A       83%         3
 Vampiric Draining        Necr           0%         2d6       83%         3
 Anguish                  Hex/Necr       0%         N/A       99%         4
 Cause Fear               Hex            0%         N/A       99%         4
 Dispel Undead            Necr           0%         3d6       99%         4
 Fulminant Prism          Conj/Hex       0%         3d5       99%         4
 Fireball                 Conj/Fire      0%         3d3       100%        5
 Death Channel            Necr           0%         N/A       100%        6
 Dragon's Call            Summ           0%         N/A       100%        9


Dungeon Overview and Level Annotations

Branches:
Dungeon (5/15)
 Temple: D:4-7

Altars:
Dithmenos
Gozag
Okawaru


Innate Abilities, Weirdness & Mutations

You have a pair of horns on your head.
You are partially covered in molten scales. (AC +2)
A weak demonic guardian rushes to your aid.
You sometimes gain a little power by taking damage.


Message History

Aim: a gnoll, wielding a +3 halberd of venom (covering ground quickly, 61% to hit)
You throw a javelin. The javelin barely misses the gnoll.
Throw: javelin
Press: ? - help, Q - select action, (/) - cycle Shift-Dir - straight line, f/p - gnoll
Aim: a gnoll, wielding a +3 halberd of venom (covering ground quickly, 61% to hit)
Okay, then.
The gnoll bouda barks out a call to the hunt!
Throw: javelin
Press: ? - help, Q - select action, (/) - cycle Shift-Dir - straight line, f/p - gnoll
Aim: a gnoll, wielding a +3 halberd of venom (covering ground quickly, 61% to hit)
You throw a javelin. The javelin pierces through the gnoll!
The gnoll is severely wounded.
The javelin barely misses the gnoll bouda.
The gnoll closely misses you.
The gnoll is no longer moving quickly.
The gnoll bouda barks out a call to the hunt!
The gnoll picks up the pace!
The gnoll misses you.
You hear a shout!
A gnoll comes into view. It is wielding a +0 flail.
You hear a shout!
The gnoll misses you.
The gnoll bouda calls upon its god to heal the gnoll.
The gnoll is healed somewhat.
The gnoll hits you with a +3 halberd of venom.
You are poisoned.
You closely miss the gnoll.
The gnoll is moderately wounded.
You feel very sick.
The gnoll bouda gazes fiercely through you!
You feel your attacks grow feeble.
The gnoll hits you with a +3 halberd of venom!
* * * LOW HITPOINT WARNING * * *
A demonic guardian appears!
You focus on the pain.
You feel very mighty all of a sudden.
You are more poisoned.
The gnoll bouda closely misses you.
It was a potion of attraction.
You feel attractive to monsters.
You die...

##....#.......###
##..##.....#..#.
##..#..###.#....
##....#..##..#..
#.....#........##
######....(..##.##...
###..####....[.........
##...5g.................
#...#..@g.g.(.....gg..).
#...#.##............###.
###..).###.......##..# #.
#...............###..###.
###.......#.#..###...##..
##.....####..####...##.
#............###....#.
#.....#...............
###...##........#.###.


You could see a gnoll bouda, 2 gnolls and a friendly ufetubus (summoned).

Vanquished Creatures
  A black bear (D:3)
  An iguana (D:4)
  An orc wizard (D:4)
  3 gnolls
  4 adders
  A white imp (D:3)
  An ufetubus (D:5)
  3 worms
  8 dart slugs
  6 orcs
  10 ball pythons
  4 bats
  7 endoplasms
  5 giant cockroaches
  5 hobgoblins
  4 jackals (D:4)
  2 quokkas
  10 frilled lizards
  7 goblins
  8 kobolds
  5 rats
96 creatures vanquished.

Vanquished Creatures (collateral kills)
  A gnoll (D:4)
  An adder (D:4)
2 creatures vanquished.

Grand Total: 98 creatures vanquished

Notes
Turn   | Place    | Note
-------+----------+-------------------------------------------
     0 | D:1      | thirtiethelement the Demonspawn Berserker began the quest
                  | for the Orb.
     0 | D:1      | Reached XP level 1. HP: 18/18 MP: 1/1
    45 | D:1      | Found a faded altar of an unknown god.
   345 | D:1      | Gained mutation: You are partially covered in molten
                  | scales. (AC +2) [demonic ancestry]
   345 | D:1      | Reached XP level 2. HP: 24/24 MP: 2/2
   758 | D:2      | Gained mutation: You have a pair of small horns on your
                  | head. [demonic ancestry]
   758 | D:2      | Reached XP level 3. HP: 26/29 MP: 3/3
   820 | D:2      | Reached ** piety under Trog
  2004 | D:3      | Found an iron altar of Okawaru.
  2175 | D:3      | Gained mutation: You sometimes gain a little power by
                  | taking damage. [demonic ancestry]
  2175 | D:3      | Reached XP level 4. HP: 25/35 MP: 4/4
  2514 | D:3      | Noticed a black bear
  2523 | D:3      | Killed a black bear
  2524 | D:3      | Reached skill level 1 in Axes
  2524 | D:3      | Gained mutation: A weak demonic guardian rushes to your
                  | aid. [demonic ancestry]
  2524 | D:3      | Reached XP level 5. HP: 42/42 MP: 5/5
  2713 | D:3      | Reached skill level 4 in Fighting
  2860 | D:3      | Found an opulent altar of Gozag.
  3134 | D:4      | Reached *** piety under Trog
  3160 | D:4      | Found a shadowy altar of Dithmenos.
  3302 | D:4      | Gained mutation: You have a pair of horns on your head.
                  | [demonic ancestry]
  3302 | D:4      | Reached XP level 6. HP: 17/48 MP: 6/6
  3690 | D:5      | Entered Level 5 of the Dungeon
  3887 | D:5      | Succumbed to a gnoll's poison

Illustrated notes

Levels and vault maps discovered:
D:1:      tarquinn_simple_flora_water_c, layout_basic,
          shapermc_ecumenical_altar_acropolis, minivault_4,
          nicolae_kite_square_tiling_tiny
D:2:      minmay_angry_zag, layout_loops_corners, minmay_misc_feat_roman
D:3:      minmay_octagon_keep, layout_loops_corners,
          nicolae_gozag_cash_rules_everything_around_me,
          kennysheep_okawaru_gauntlet, minmay_lizard_king
D:4:      kennysheep_slugbush, layout_basic,
          mainiacjoe_overflow_surrounded_room, minmay_checkerbox
D:5:      layout_cave_pools

Skill      XL: |  1  2  3  4  5  6 |
---------------+-------------------+-----
Long Blades    | 3 |  3.6
Dodging        | 2 |  2.6
Armour         | 2 |  2.5
Axes           | 1 2 3 |  3.0
Fighting       | 4 |  4.5
Stealth        | |  0.7

Action                     |  1- 3 |  4- 6 || total
---------------------------+-------+-------++-------
  Melee: Falchion          |    84 |       ||    84
         War axe           |    34 |   121 ||   155
         Headbutt          |    11 |    17 ||    28
         Punch             |     1 |     2 ||     3
  Throw: Javelin           |       |     3 ||     3
 Invoke: Berserk           |       |     1 ||     1
    Use: Scroll            |       |     5 ||     5
         Potion            |       |     1 ||     1
   Stab: Sleeping          |     2 |       ||     2
 Armour: Leather armour    |    45 |    46 ||    91
  Dodge: Dodged            |    84 |   117 ||   201

Table legend: (Time is in decaauts)
 A = Elapsed time spent in this place.
 B = Non-inter-level travel time spent in this place.
 C = Inter-level travel time spent in this place.
 D = Time resting spent in this place.
 E = Time spent auto-exploring this place.
 F = Levels seen in this place.
 G = Mean time per level.
                   A        B        C        D        E       F      G
               +--------+--------+--------+--------+--------+-----+--------+
         Total |   3983 |   3892 |     91 |      0 |   3029 |   5 |  796.6 |
       Dungeon |   3983 |   3892 |     91 |      0 |   3029 |   5 |  796.6 |
               +--------+--------+--------+--------+--------+-----+--------+

Top non-repeatable levels by time:
     D:3: 1340 daAuts
     D:2: 1022 daAuts
     D:4: 765 daAuts
     D:1: 653 daAuts
     D:5: 201 daAuts
